 Dungeon Crawl Stone Soup version 0.14-a0-3109-ga7442b6 (webtiles) character file.

173 Froboctopus the Changer (level 3, -2/15 HPs)
             Began as a Felid Transmuter on Mar 7, 2014.
             Slain by an orc priest
             ... wielding a +0,+0 hand axe
              (10 damage)
             ... on Level 3 of the Dungeon.
             The game lasted 00:02:48 (2365 turns).

Froboctopus the Changer (Felid Transmuter)          Turns: 2365, Time: 00:02:48

HP  -2/15        AC  1     Str  7      XL: 3   Next: 75%
MP   4/9         EV 18     Int 14      God:
Gold 115         SH  0     Dex 16      Spells:  2 memorised,  4 levels left
Lives: 0, deaths: 0

rFire  . . .     SeeInvis +       - Unarmed
rCold  . . .     Clarity  .     (armour unavailable)
rNeg   + . .     Conserve .     (shield unavailable)
rPois  .         rCorr    .     (helmet unavailable)
rElec  .         rRot     .     (cloak unavailable)
SustAb . .       Spirit   .     (gloves unavailable)
rMut   .         Warding  .     (boots unavailable)
Saprov . . .     Stasis   .     (no amulet)
MR     .....                    (no ring)
                                k - ring of positive energy {unknown}

@: very slightly contaminated, quick, not resistant to hostile enchantments,
fairly stealthy
A: paw claws, no armour, no weapons or thrown items, fangs 3, see invisible,
carnivore 3, speed 1, shaggy fur 1, slow metabolism 1, jump 1
a: Jump Attack


You were on level 3 of the Dungeon.
You were very full.

You visited 1 branch of the dungeon, and saw 3 of its levels.

You collected 115 gold pieces.

Inventory:

Missiles
 b - 12 arrows
Comestibles
 a - 2 meat rations
Scrolls
 c - 3 scrolls of remove curse {unknown}
 f - 2 scrolls of magic mapping {unknown}
 g - 3 scrolls of identify {unknown}
 h - 2 scrolls of teleportation {unknown}
 i - a scroll of enchant weapon II {unknown}
 n - a scroll of immolation {unknown}
Jewellery
 k - a ring of positive energy (left paw) {unknown}
Potions
 e - 2 potions of brilliance {unknown}
 j - a potion of resistance {unknown}
 l - a potion of cure mutation {unknown}
 m - a potion of heal wounds {unknown}
Books
 d - a book of Changes

   Spells                             Type                      Level
   *Beastly Appendage                 Transmutation                1
   Sticks to Snakes                   Transmutation                2
   *Spider Form                       Transmutation/Poison         3
   Ice Form                           Ice/Transmutation            4
   Blade Hands                        Transmutation                5


   Skills:
 - Level 1.0 Fighting
 - Level 2.6 Dodging
 - Level 3.0 Unarmed Combat
 + Level 3.0 Spellcasting
 * Level 3.6 Transmutations


You had 4 spell levels left.
You knew the following spells:

 Your Spells              Type           Power        Failure   Level  Hunger
a - Beastly Appendage     Trmt           ##....       6%          1    #......
b - Spider Form           Trmt/Pois      #.........   30%         3    ###....


Dungeon Overview and Level Annotations

Branches:
Dungeon (3/16)

Altars:


Innate Abilities, Weirdness & Mutations

You cannot wear armour.
You are incapable of wielding weapons or throwing items.
Your paws have sharp claws.*
You have razor-sharp teeth.*
You have supernaturally acute eyesight.
You are carnivorous and can eat meat at any time.
You cover ground quickly.*
You are covered in fur (AC +1).*
You have a slow metabolism.
You can jump attack at a short distance.


Message History

You hit the orc.
The orc is poisoned.
The orc is almost dead.
Your transformation has ended.
You fall off the wall.
You claw the orc!
You kill the orc!
Your Spellcasting skill increases to level 3!
An orc priest comes into view. It is wielding a hand axe.
Things that are here:
a mace; a leather armour; an orc corpse You pounce on the helpless orc priest from a blind spot!
You scratch the orc priest.
The orc priest begins to bleed from its wounds!
The orc priest is moderately wounded.
The orc priest completely misses you.
You scratch the orc priest.
The orc priest is heavily wounded.
The orc priest hits you with a hand axe!
Ouch! That really hurt!
You die...

#########
######.......#
#......#####.#########
#......#####..))@o...#
#.......(.########...#
.......##.# #...#
##........# #...#
#....###.########...#
...### #........#o..#
### #.########.o.#
###### #.# #o..#
.....# #.# #...#


You could see an orc priest (bleeding).

Vanquished Creatures
  A giant mite (D:1)
  A worm (D:2)
  A giant gecko (D:1)
  4 orcs (D:3)
  7 bats
  3 giant cockroaches
  5 goblins
  3 hobgoblins
  A quokka (D:2)
  A ball python (D:1)
  5 giant newts
  3 kobolds
  2 rats
37 creatures vanquished.

Notes
Turn   | Place    | Note
--------------------------------------------------------------
     0 | D:1      | Froboctopus, the Felid Transmuter, began the quest for the Orb.
     0 | D:1      | Reached XP level 1. HP: 9/9 MP: 4/4
   268 | D:1      | Reached XP level 2. HP: 12/12 MP: 4/6
  1215 | D:2      | Reached XP level 3. HP: 11/15 MP: 6/8
  1294 | D:2      | Learned a level 3 spell: Spider Form
  2365 | D:3      | Slain by an orc priest

Action                   || total
-------------------------++-------
Melee: Unarmed           ||   103
 Cast: Beastly Appendage ||    14
       Spider Form       ||     2
 Stab: Sleeping          ||     2
       Distracted        ||     1
